 Dungeon Crawl Stone Soup version 0.20.1-1-g8b1a95d (webtiles) character file.

47 JeffiDaFish the Ducker (level 3, -2/17 HPs)
             Began as a Spriggan Conjurer on Aug 29, 2017.
             Slain by an orc priest
             ... wielding a +0 falchion
              (7 damage)
             ... on level 3 of the Dungeon.
             The game lasted 00:08:07 (2008 turns).

JeffiDaFish the Ducker (Spriggan Conjurer)          Turns: 2008, Time: 00:08:08

Health: -2/17      AC:  9    Str:  3 (4)  XL:     3   Next: 48%
Magic:  1/8        EV: 19    Int: 14 (16) God:
Gold:   127        SH:  0    Dex: 16 (17) Spells: 2/8 levels left

rFire    + . .     SeeInvis +   e - +1 dagger (protect)
rCold    x . .     Gourm    .   (shield restricted)
rNeg     . . .     Faith    .   a - +0 robe
rPois    .         Spirit   .   (helmet restricted)
rElec    .         Reflect  .   (no cloak)
rCorr    +         Harm     .   (gloves unavailable)
MR       .....                  (boots unavailable)
Stlth    ++........             (no amulet)
Regen    0.1/turn               d - ring of fire
MPRegen  0.2/turn               i - ring of resist corrosion

@: protection aura, very quick
A: unfitting armour, see invisible, herbivore 3, speed 3, slow metabolism 2
a: no special abilities


You were on level 3 of the Dungeon.
You were not hungry.

You visited 1 branch of the dungeon, and saw 3 of its levels.

You collected 127 gold pieces.

Inventory:

Hand Weapons
 e - a +1 dagger of protection (weapon)
Armour
 a - a +0 robe (worn)
Jewellery
 d - a ring of fire (left hand)
 i - a ring of resist corrosion (right hand)
Wands
 j - a wand of polymorph (16/24)
Scrolls
 h - 2 scrolls of remove curse
Potions
 g - a potion of haste
Books
 b - a book of Conjurations

   Spells                             Type                      Level
   a - Magic Dart                     Conjuration                  1
   b - Searing Ray                    Conjuration                  2
   c - Dazzling Spray                 Conjuration/Hexes            3
   d - Fulminant Prism                Conjuration/Hexes            4
   e - Force Lance                    Conjuration/Translocation    4
   f - Iskenderun's Mystic Blast      Conjuration                  4
Comestibles
 c - 3 bread rations
 f - 2 royal jellies


   Skills:
 + Level 0.5 Fighting
 + Level 0.7 Short Blades
 * Level 3.5 Dodging
 + Level 3.2 Stealth
 * Level 3.4 Spellcasting
 + Level 3.3 Conjurations
 + Level 0.0 Hexes


You had 2 spell levels left.
You knew the following spells:

 Your Spells              Type           Power        Failure   Level  Hunger
a - Magic Dart            Conj           ##..         5%          1    #......
b - Searing Ray           Conj           ##....       8%          2    ##.....
c - Dazzling Spray        Conj/Hex       #.....       30%         3    ###....


Dungeon Overview and Level Annotations

Branches:
Dungeon (3/15)

Altars:
Ru
Zin

Annotations:
D:3 1 runed door


Innate Abilities, Weirdness & Mutations

You are very small and have problems with some larger weapons.
You are too small for most types of armour.
You have supernaturally acute eyesight. (SInv)
You are a herbivore.
You cover ground extremely quickly.
You need consume almost no food.


Message History

The orc priest is lightly wounded.
The orc priest hits you but does no damage.
You hit the orc priest but do no damage.
The orc priest is lightly wounded.
The orc priest misses you.
You hit the orc priest but do no damage.
The orc priest is lightly wounded.
The orc priest barely misses you.
You closely miss the orc priest.
The orc priest is lightly wounded.
The orc priest invokes the aid of Beogh against you.
Pain shoots through your body!
* * * LOW HITPOINT WARNING * * *
You closely miss the orc priest.
The orc priest is lightly wounded.
The orc priest hits you but does no damage.
You hit the orc priest but do no damage.
The orc priest is lightly wounded.
The orc priest hits you with a falchion!
You die...

.......######## #.###.## #..#
##.# ##### #.# ##...## ###
#.###### #####.....# #..
#....).# #.........# #.#
######.# #.###.....# #.# #.#
#@# ##...## #.# ##.## #o#
##.## #.# .#####...###.#
#.########.# #o....)......#
#......)....
.#####...##################.#
##...........# #.#
#..########.# #.#
#...........# #.#
##.####..##.# #.#


You could see an orc priest.

Vanquished Creatures
  A dart slug (D:2)
  A leopard gecko (D:1)
  3 orcs (D:3)
  A ball python (D:1)
  2 giant cockroaches (D:1)
  11 goblins
  4 hobgoblins
  A quokka (D:3)
  6 bats
  A frilled lizard (D:1)
  3 kobolds
  2 rats
36 creatures vanquished.

Notes
Turn   | Place    | Note
-------+----------+-------------------------------------------
     0 | D:1      | JeffiDaFish the Spriggan Conjurer began the quest for the Orb.
     0 | D:1      | Reached XP level 1. HP: 9/9 MP: 5/5
   313 | D:1      | Reached XP level 2. HP: 13/13 MP: 2/6
   317 | D:1      | Learned a level 2 spell: Searing Ray
  1167 | D:2      | Found a sacrificial altar of Ru.
  1186 | D:2      | Reached XP level 3. HP: 17/17 MP: 4/8
  1668 | D:3      | Learned a level 3 spell: Dazzling Spray
  1736 | D:3      | Found a glowing silver altar of Zin.
  1737 | D:3      | Found a runed door.
  1737 | D:3      | Noticed an angel
  2008 | D:3      | Slain by an orc priest

Skill      XL: |  1  2 |
---------------+-------+-----
Conjurations   | 3 |  3.3
Spellcasting   | 3 |  3.4
Fighting       | |  0.5
Short Blades   | |  0.7
Dodging        | |  3.5
Stealth        | |  3.2

Action                   || total
-------------------------++-------
Melee: Unarmed           ||    22
       Spear             ||     9
       Dagger            ||    81
 Cast: Magic Dart        ||    38
       Searing Ray       ||    13
  Use: Potion            ||     8
       Scroll            ||     3
 Stab: Sleeping          ||     3
Armor: Robe              ||    25
Dodge: Dodged            ||    88
